 Dungeon Crawl Stone Soup version 0.30-a0-1124-g6e8f0f562f (webtiles) character file.

Game seed: 3714120466268804638

13317 Lavandula the Artisan of Death (level 11, 0/84 HPs)
             Began as a Mummy Wanderer on Apr 23, 2023.
             Was a Priest of Kikubaaqudgha.
             Killed from afar by a hell hound (18 damage)
             ... with a blast of flame
             ... on level 1 of the Abyss.
             The game lasted 00:30:04 (12971 turns).

Lavandula the Artisan of Death (Mummy Wanderer)    Turns: 12971, Time: 00:30:05

Health: 0/84       AC: 21    Str: 25    XL:     11   Next: 74%
Magic:  17/17      EV: 23    Int: 15    God:    Kikubaaqudgha [***...]
Gold:   296        SH:  0    Dex:  9    Spells: 2/19 levels left

rFire   x . .        g - +3 flail (protect)
rCold   + . .        (no shield)
rNeg    + + +        D - +8 chain mail {ponderous}
rPois   ∞            (no helmet)
rElec   .            f - +0 cloak
rCorr   .            (no gloves)
SInv    .            i - +1 pair of boots
Will    ++...        C - amulet of the acrobat Stlth
                     d - ring of willpower
HPRegen 0.34/turn    w - +6 ring of strength
MPRegen 0.15/turn

%: acrobat, faith
@: about to teleport, acrobatic, slow
A: cold resistance 1, negative energy resistance 3, torment resistance 2, heat
vulnerability 1, in touch with death 1, no potions, faith
a: Renounce Religion, Unearth Wretches


You were on level 1 of the Abyss.
You worshipped Kikubaaqudgha.
Kikubaaqudgha was most pleased with you.
You visited 2 branches of the dungeon, and saw 11 of its levels.
You visited the Abyss 1 time.

You collected 547 gold pieces.
You spent 251 gold pieces at shops.

Inventory:

Hand Weapons
 g - a +3 flail of protection (weapon)
 l - a +0 morningstar of venom
 r - a +5 battleaxe
Missiles
 n - 6 javelins (quivered)
 F - 3 throwing nets
 I - 4 silver javelins
Armour
 f - a +0 cloak (worn)
 i - a +1 pair of boots (worn)
 o - a +0 ring mail of fire resistance
 s - +0 steam dragon scales
 x - +0 acid dragon scales
 D - a +8 chain mail of ponderousness (worn)
Jewellery
 a - a ring of resist corrosion
 b - a +6 ring of strength
 d - a ring of willpower (left hand)
 k - a ring of protection from cold
 w - a +6 ring of strength (right hand)
 z - a ring of willpower
 C - an amulet of the acrobat (around neck)
 H - a +6 ring of intelligence
Wands
 t - a wand of paralysis (6)
 y - a wand of iceblast (6)
 B - a wand of flame (17)
Scrolls
 c - a scroll of silence
 e - 3 scrolls of poison
 h - a scroll of torment
 j - 5 scrolls of teleportation
 m - 3 scrolls of enchant weapon {unknown}
 p - 3 scrolls of immolation {unknown}
 q - a scroll of fog
 u - a scroll of magic mapping
 v - 2 scrolls of blinking
 A - a scroll of noise {unknown}
 E - a scroll of amnesia
 G - 3 scrolls of fear {unknown}


   Skills:
 - Level 7.0 Fighting
 - Level 9.0 Maces & Flails
 - Level 6.0 Armour
 - Level 4.6 Spellcasting
 - Level 12.0 Necromancy
 - Level 1.5 Air Magic
 + Level 2.7 Evocations


You had 2 spell levels left.
You knew the following spells:

 Your Spells              Type           Power      Damage    Failure   Level
a - Shock                 Conj/Air       20%        1d4       50%         1
b - Cigotuvi's Dreadful   Necr/Pois/Air  50%        N/A       19%         2
c - Kiss of Death         Conj/Necr      100%       2d13      7%          1
d - Death Channel         Necr           28%        N/A       65%         6
e - Animate Dead          Necr           56%        N/A       5%          4
f - Vampiric Draining     Necr           56%        2d10      1%          3

Your spell library contained the following spells:

 Spells                   Type           Power      Damage    Failure   Level
 Necrotise                Necr           100%       1d9       1%          1
 Sandblast                Erth           6%         2d5       63%         1
 Ensorcelled Hibernation  Hex/Ice        6%         N/A       77%         2
 Passwall                 Tmut/Erth      2%         N/A       77%         2
 Dispel Undead            Necr           56%        3d20      5%          4
 Agony                    Necr           56%        N/A       16%         5
 Anguish                  Hex/Necr       16%        N/A       54%         4
 Swiftness                Air            8%         N/A       77%         3
 Vhi's Electric Charge    Tloc/Air       10%        N/A       86%         3
 Borgnjor's Vile Clutch   Necr/Erth      16%        N/A       88%         5
 Hailstorm                Conj/Ice       3%         3d3       94%         3
 Stone Arrow              Conj/Erth      6%         3d7       94%         3
 Passage of Golubria      Tloc           3%         N/A       100%        4
 Arcjolt                  Conj/Air       2%         1d12      100%        5
 Silence                  Hex/Air        2%         N/A       100%        5
 Simulacrum               Ice/Necr       16%        N/A       100%        6
 Lehudib's Crystal Spear  Conj/Erth      1%         10d2      100%        8
 Maxwell's Capacitive Co  Air            4%         ∞         100%        8
 Spider Form              Tmut/Pois      Unusable   N/A       N/A         3
 Ice Form                 Ice/Tmut       Unusable   N/A       N/A         4

Dungeon Overview and Level Annotations

Branches:
Dungeon (10/15)            Temple (1/1) D:6            Lair (0/5) D:10
    Orc (0/2) D:9

Altars:
Ashenzari
Cheibriados
Fedhas
Gozag
Hepliaklqana
Kikubaaqudgha
Makhleb
Nemelex Xobeh
Ru
Vehumet
Wu Jian
Xom
Yredelemnul

Annotations:
D:6 3 runed translucent doors, 2 exclusions, Beaer's ghost, novice VSBr
D:10 Psyche


Innate Abilities, Weirdness & Mutations

You are immune to poison.
Your flesh is cold resistant. (rC+)
You are immune to negative energy. (rN+++)
You are immune to unholy pain and torment.
You are vulnerable to heat. (rF-)
You are in touch with the powers of death.
You do not drink.
You have a special connection with the divine. (Faith)


Message History

Kikubaaqudgha accepts your kill.
You are covered in liquid flames!
* * * LOW HITPOINT WARNING * * *
Unknown command.
You are covered in liquid flames!
* * * LOW HITPOINT WARNING * * *
A white imp comes into view.
The white imp shouts!
The white imp hits you but does no damage.
You barely miss the white imp.
The white imp shouts, "Give up, thou clouted crook-pated urchin!"
The white imp gestures at you. The puff of frost hits you. You resist.
* * * LOW HITPOINT WARNING * * *
You sock the white imp!
Your weapon exudes an aura of protection.
You kill the white imp!
Kikubaaqudgha accepts your kill.
Found a corrupted altar of Lugonu.
A sky beast comes into view.
A smoke demon comes into view.
An efreet comes into view.
It is wielding a +4 scimitar of flaming.
There are monsters nearby!
A hell hound comes into view. x2
The hell hound moves out of view.
A hell hound is nearby!
The hell hound barks! x2; You hear a bark!
A hell hound comes into view.
The hell hound breathes flames at you.
The blast of flame misses the hell hound.
The blast of flame hits you! The fire burns you terribly!
* * * LOW HITPOINT WARNING * * *
The hell hound attacks as you move away!
The hell hound misses you. x2
As you read the scroll of teleportation, it crumbles to dust.
You feel strangely unstable.
You feel the power of the Abyss delaying your translocation!
The hell hound breathes flames at you. The blast of flame hits you!!
The fire burns you terribly!
You die...
Kikubaaqudgha rasps: "You have failed me!
Welcome... oblivion!"

.##. ###.###
.##.# ##...#
##.## ##.##
##...# #
###.#### ..#
##..#.hh###..#
#..#h. #.@..#
#...#..###.#.#
###h....# #.#
###..#..#.# #.
#. . # # #...
.# #. .#. ##
#.. # # ##


You could see 2 hell hounds.

Vanquished Creatures
  Harold (D:9)
  Pikel (D:4)
  A lindwurm (shapeshifter) (Abyss:1)
  A cyclops (D:10)
  A smoke demon (Abyss:1)
  A kobold demonologist (D:9)
  A hornet (D:7)
  Prince Ribbit (D:5)
  Sigmund (D:4)
  2 wraiths
  4 wyverns
  11 yaks
  2 basilisks
  Grum (D:9)
  4 steam dragons
  Edmund (D:6)
  2 acid dragons
  2 water moccasins
  A hornet zombie (D:6)
  3 black bears
  3 orc warriors
  2 ogres (D:6)
  2 wolves (D:9)
  2 centaurs
  2 phantoms (D:5)
  3 lemures (D:4)
  3 bullfrogs
  3 kobold brigands
  A small abomination (Abyss:1)
  2 scorpions
  12 wights
  8 killer bees (D:10)
  6 howler monkeys
  A crimson imp (Abyss:1)
  A bullfrog zombie (D:6)
  4 hounds
  7 orc priests
  3 jellies
  Terence (D:2)
  2 sleepcaps
  Ijyb (D:4)
  3 orc wizards
  12 adders
  11 gnolls
  6 shadow imps
  4 white imps
  5 worms
  5 dart slugs
  35 orcs
  5 ball pythons
  7 bats
  5 endoplasms
  5 giant cockroaches
  13 goblins
  7 hobgoblins
  3 jackals (D:3)
  5 quokkas
  21 kobolds
  6 kobold skeletons (D:9)
  5 kobold zombies (D:9)
  3 rats
277 creatures vanquished.

Vanquished Creatures (collateral kills)
  Josephine (D:10)
  Erolcha (D:10)
  4 yaks
  A basilisk (D:10)
  3 water moccasins (D:10)
  A kobold brigand (D:9)
  5 killer bees (D:10)
  A gnoll bouda (D:10)
  3 gnolls (D:10)
  12 kobolds (D:9)
  6 kobold skeletons (D:9)
  A kobold zombie (D:9)
39 creatures vanquished.

Vanquished Creatures (others)
  2 centaur warriors (D:10)
  3 two-headed ogres
  A deep elf pyromancer (D:10)
  2 cyclopes (D:10)
  A manticore (D:10)
  2 trolls (D:10)
  A slime creature (D:9)
  An acid dragon (D:9)
  A two-headed ogre zombie (D:10)
  An elf zombie (D:10)
  An orc warrior (D:10)
  A centaur (D:10)
  A bullfrog (D:9)
  A scorpion (D:9)
  A cyclops zombie (D:10)
  A troll zombie (D:10)
  A yak zombie (D:10)
  A bullfrog zombie (D:9)
  2 centaur zombies (D:10)
  An ogre zombie (D:10)
  3 orc wizards (D:9)
  A scorpion zombie (D:9)
  2 killer bee zombies (D:10)
  An acid dragon zombie (D:9)
  2 endoplasms
  3 gnoll zombies (D:10)
  A goblin (D:9)
  An endoplasm zombie (D:10)
  A goblin zombie (D:9)
  6 kobold zombies (D:9)
  5 orc zombies
  A fungus (D:3)
  20 plants
73 creatures vanquished.

Grand Total: 389 creatures vanquished

Notes
Turn   | Place    | Note
-------+----------+-------------------------------------------
     0 | D:1      | Lavandula the Mummy Wanderer began the quest for the Orb.
     0 | D:1      | Lavandula set off with the following items: a +2 mace, a +0
                  | ring mail, a scroll of silence; and the following spell
                  | memorised: Shock; and the following spells available to
                  | memorise: Swiftness.
     0 | D:1      | Reached XP level 1. HP: 15/15 MP: 2/2
   238 | D:1      | Reached XP level 2. HP: 19/21 MP: 4/4
   620 | D:1      | Gained mutation: You are in touch with the powers of death.
                  | [Mummy growth]
   620 | D:1      | Reached XP level 3. HP: 26/26 MP: 5/5
  1219 | D:2      | Reached XP level 4. HP: 28/32 MP: 6/6
  1599 | D:2      | Noticed Terence
  1606 | D:2      | Killed Terence
  1607 | D:2      | Reached skill level 5 in Maces & Flails
  1842 | D:3      | Reached XP level 5. HP: 23/37 MP: 7/7
  1971 | D:3      | Found a faded altar of an unknown god.
  2760 | D:4      | Noticed a lemure
  2760 | D:4      | Noticed a lemure
  2761 | D:4      | Noticed Pikel
  2762 | D:4      | Noticed a lemure
  2764 | D:4      | Killed a lemure
  2764 | D:4      | Killed a lemure
  2764 | D:4      | Noticed a lemure
  2765 | D:4      | Killed a lemure
  2765 | D:4      | Killed Pikel
  2766 | D:4      | Reached XP level 6. HP: 43/43 MP: 8/8
  2766 | D:4      | Reached XP level 7. HP: 48/48 MP: 9/9
  2965 | D:4      | Noticed Sigmund
  2986 | D:4      | Killed Sigmund
  3411 | D:4      | Noticed Ijyb
  3428 | D:4      | Killed Ijyb
  3432 | D:4      | Reached XP level 8. HP: 27/54 MP: 10/10
  3718 | D:5      | Entered Level 5 of the Dungeon
  4205 | D:5      | You fall into a shaft and drop 2 floors!
  4355 | D:7      | Found a sparkling altar of Nemelex Xobeh.
  4565 | D:6      | Found a radiant altar of Vehumet.
  4565 | D:6      | Found an opulent altar of Gozag.
  4565 | D:6      | Found a snail-covered altar of Cheibriados.
  4565 | D:6      | Found a burning altar of Makhleb.
  4593 | D:7      | Reached skill level 5 in Fighting
  4864 | D:7      | Noticed a hornet
  4871 | D:7      | Killed a hornet
  4973 | D:6      | Reached XP level 9. HP: 29/71 MP: 11/11
  4979 | D:6      | HP: 2/71 [orc warrior/+0 scimitar (11)]
  5236 | D:6      | Noticed a moth of wrath
  5701 | D:6      | Noticed Edmund
  5734 | D:6      | Killed Edmund
  6035 | D:5      | Noticed Prince Ribbit
  6057 | D:5      | Killed Prince Ribbit
  6646 | D:6      | Reached skill level 5 in Armour
  6928 | D:6      | Found a staircase to the Ecumenical Temple.
  7069 | Temple   | Entered the Ecumenical Temple
  7077 | Temple   | Became a worshipper of Kikubaaqudgha
  7166 | D:6      | Found a runed translucent gate.
  7166 | D:6      | Found a runed translucent gate.
  7166 | D:6      | Found a runed translucent gate.
  7166 | D:6      | Noticed Beaer's ghost (novice VSBr)
  7168 | D:6      | Found a basalt altar of Yredelemnul.
  7409 | D:6      | Learned a level 2 spell: Cigotuvi's Dreadful Rot
  7739 | D:7      | Reached skill level 1 in Necromancy
  7777 | D:7      | Reached skill level 2 in Necromancy
  8171 | D:8      | Identified the staff of poison "Bavvaipn" {rElec rPois}
  8304 | D:8      | Reached skill level 3 in Necromancy
  8304 | D:8      | Reached XP level 10. HP: 76/79 MP: 12/12
  8331 | D:8      | Reached skill level 4 in Necromancy
  8660 | D:8      | Reached * piety under Kikubaaqudgha
  8660 | D:8      | Received a gift from Kikubaaqudgha
  8668 | D:8      | Reached skill level 5 in Necromancy
  8680 | D:8      | Reached skill level 6 in Necromancy
  8689 | D:8      | Learned a level 1 spell: Kiss of Death
  8696 | D:8      | Learned a level 6 spell: Death Channel
  9097 | D:8      | Identified the +9 sling of the Amorous God {freeze, Int+2}
  9215 | D:9      | Noticed Harold
  9475 | D:9      | Reached skill level 7 in Necromancy
  9489 | D:9      | Learned a level 4 spell: Animate Dead
  9604 | D:9      | Reached ** piety under Kikubaaqudgha
  9883 | D:9      | Noticed a sun demon
  9889 | D:9      | Killed Harold
  9890 | D:9      | Reached skill level 8 in Necromancy
  9897 | D:9      | Noticed a rust devil
 10079 | D:9      | Identified the +4 arbalest of the Pit {penet, rF+ Int+2
                  | Dex+4}
 10158 | D:9      | Reached skill level 9 in Necromancy
 10158 | D:9      | Reached XP level 11. HP: 45/84 MP: 12/17
 10236 | D:9      | Found an ancient bone altar of Kikubaaqudgha.
 10361 | D:9      | Found a staircase to the Orcish Mines.
 10375 | D:9      | Noticed Grum
 10382 | D:9      | Reached *** piety under Kikubaaqudgha
 10382 | D:9      | Received a gift from Kikubaaqudgha
 10387 | D:9      | Killed Grum
 10499 | D:9      | Found a sacrificial altar of Ru.
 11058 | D:10     | Entered Level 10 of the Dungeon
 11089 | D:9      | HP: 3/84 [yak (11)]
 11395 | D:10     | Reached skill level 10 in Necromancy
 11405 | D:10     | Found Folued's CLEARANCE SALE!.
 11595 | D:10     | Bought a book of the Moon for 120 gold pieces
 11595 | D:10     | Bought a wand of flame (11) for 23 gold pieces
 11595 | D:10     | Bought 4 silver javelins for 108 gold pieces
 11623 | D:10     | Found a staircase to the Lair.
 11671 | D:10     | Noticed Erolcha
 11704 | D:9      | Learned a level 3 spell: Vampiric Draining
 11829 | D:10     | Killed Erolcha
 11830 | D:10     | Reached skill level 11 in Necromancy
 12260 | D:10     | Noticed Josephine
 12283 | D:10     | Your ally Erolcha died
 12288 | D:10     | Killed Josephine
 12566 | D:10     | Reached skill level 12 in Necromancy
 12820 | D:10     | Noticed Psyche
 12822 | Abyss:1  | Cast into level 1 of the Abyss (Psyche)
 12855 | Abyss:1  | an eye of devastation changed into a lindwurm
 12855 | Abyss:1  | Noticed a lindwurm (shapeshifter)
 12869 | Abyss:1  | Killed a lindwurm
 12958 | Abyss:1  | Found a corrupted altar of Lugonu.
 12971 | Abyss:1  | Killed from afar by a hell hound

Illustrated notes

Levels and vault maps discovered:
D:1:      dpeg_arrival_short_road, layout_basic, serial_bayou_crossing
D:2:      layout_rooms, hangedman_decor_growths, uniq_terence
D:3:      layout_rooms, nicolae_elyvilon_temple_path,
          shapermc_ecumenical_altar_rom_forum
D:4:      layout_loops_corners, minmay_a_box_with_orc_wizards_in_it, uniq_ijyb,
          uniq_sigmund, uniq_pikel
D:5:      minmay_spotlight, layout_cave_pools, tgw_sif, lemuel_doored_altar,
          uniq_prince_ribbit1
D:6:      layout_loops_ring, tgw_trog, nicolae_yredelemnul_ghost_church,
          nicolae_overflow_hidden_temple, minmay_temple_entry_enclosed_plants,
          minivault_5, uniq_edmund
D:7:      layout_basic, nemelex_spade_bored_becter, due_unseen_surprise
D:8:      layout_loops_ring
D:9:      wander_kiku_kobolds, layout_cave_pools, lemuel_round_altar,
          uniq_harold, uniq_grum
D:10:     layout_long_grid, marbit_many_paths, minmay_lair_entry_grove,
          nicolae_shop_clearance, uniq_psyche, uniq_erolcha, uniq_josephine
Temple:   eino_temple_lava
Abyss:1:  base: D:9, hangedman_abyss_shoalhut

Skill      XL: |  1  2  3  4  5  6  7  8  9 10 11 |
---------------+----------------------------------+-----
Maces & Flails | 4 5 7 8 9 |  9.0
Fighting       | 6 7 |  7.0
Armour         | 6 |  6.0
Necromancy     | 3 9 12 | 12.0
Spellcasting   | 4 |  4.6
Evocations     | 2 |  2.7
Air Magic      | |  1.5

Action                     |  1- 3 |  4- 6 |  7- 9 | 10-12 || total
---------------------------+-------+-------+-------+-------++-------
  Melee: Mace              |    87 |   152 |   300 |       ||   539
         Punch             |     1 |     2 |    13 |     6 ||    22
         Flail             |       |       |   163 |   499 ||   662
  Throw: Javelin           |       |       |     4 |     4 ||     8
         Throwing net      |       |       |       |     1 ||     1
   Cast: Shock             |       |     3 |       |       ||     3
         Animate Dead      |       |       |       |     7 ||     7
         Vampiric Draining |       |       |       |     3 ||     3
 Invoke: Unearth Wretches  |       |       |       |     8 ||     8
  Evoke: Wand              |       |     3 |    10 |     8 ||    21
    Use: Scroll            |       |       |     6 |     4 ||    10
   Stab: Paralysed         |       |       |    18 |     2 ||    20
         Distracted        |       |       |       |     2 ||     2
 Armour: Ring mail         |    25 |    73 |   155 |       ||   253
         Acid dragon scale |       |       |    64 |   115 ||   179
         Chain mail        |       |       |       |   405 ||   405
  Dodge: Dodged            |    49 |    74 |   253 |   320 ||   696

Table legend: (Time is in decaauts)
 A = Elapsed time spent in this place.
 B = Non-inter-level travel time spent in this place.
 C = Inter-level travel time spent in this place.
 D = Time resting spent in this place.
 E = Time spent auto-exploring this place.
 F = Levels seen in this place.
 G = Mean time per level.
                   A        B        C        D        E       F      G
               +--------+--------+--------+--------+--------+-----+--------+
         Total |  13133 |  12591 |    542 |   2985 |   6795 |  12 | 1094.4 |
       Dungeon |  12955 |  12422 |    533 |   2985 |   6795 |  10 | 1295.5 |
        Temple |     16 |      8 |      8 |      0 |      0 |   1 |   16.0 |
         Abyss |    161 |    161 |      0 |      0 |      0 |   1 |  161.0 |
               +--------+--------+--------+--------+--------+-----+--------+

Top non-repeatable levels by time:
     D:8: 1798 daAuts
     D:6: 1777 daAuts
     D:4: 1678 daAuts
     D:9: 1662 daAuts
     D:7: 1384 daAuts
    D:10: 1327 daAuts
     D:1: 1041 daAuts
     D:2: 799 daAuts
     D:5: 780 daAuts
     D:3: 706 daAuts
 Abyss:1: 161 daAuts
  Temple: 16 daAuts
